 Dungeon Crawl Stone Soup version 0.30.0-5-g1a98f26d00 (webtiles) character file.

Game seed: 15564931789322972088

581 Kranky the Shield-Bearer (level 7, -11/71 HPs)
             Began as a Troll Fighter on May 12, 2023.
             Mangled by Pikel
             ... wielding a +0 whip of electrocution
              (13 damage)
             ... on level 5 of the Dungeon.
             The game lasted 00:07:03 (3039 turns).

Kranky the Shield-Bearer (Troll Fighter)            Turns: 3039, Time: 00:07:04

Health: -11/71     AC:  5    Str: 25    XL:     7   Next: 13%
Magic:  6/6        EV:  9    Int:  6    God:
Gold:   147        SH:  8    Dex:  9    Spells: 6/6 levels left

rFire   . .          .
                       - Unarmed
rCold   . . .        b - +0 kite shield
rNeg    . . .        a - +0 robe
rPois   .            (helmet restricted)
rElec   .            e - +0 cloak
rCorr   .            (gloves unavailable)
SInv    .            (boots unavailable)
Will    .....        (no amulet)
Stlth   +            (no ring)
HPRegen 1.11/turn    (no ring)
MPRegen 0.10/turn

%: no passive effects
@: no status effects
A: large, unfitting armour, claws 3, regeneration 1, shaggy fur 1, tough skin 1
a: no special abilities


You were on level 5 of the Dungeon.
You visited 2 branches of the dungeon, and saw 6 of its levels.

You collected 147 gold pieces.

Inventory:

Armour
 a - a +0 robe (worn)
 b - a +0 kite shield (worn)
 e - a +0 cloak (worn)
Wands
 l - a wand of flame (22)
 m - a wand of roots (6)
Scrolls
 g - 2 scrolls of vulnerability {unknown}
 i - a scroll of amnesia {unknown}
 j - a scroll of noise {unknown}
 k - 3 scrolls of identify {unknown}
 n - a scroll of teleportation {unknown}
Potions
 c - a potion of might
 d - 3 potions of attraction {unknown}
 f - 2 potions of haste {unknown}
 h - 3 potions of curing {unknown}
 o - a potion of brilliance {unknown}
 p - a potion of flight {unknown}


   Skills:
 + Level 4.3 Fighting
 - Level 2.7 Dodging
 + Level 4.7 Shields
 + Level 4.7 Unarmed Combat


You had 6 spell levels left.
You didn't know any spells.
Your spell library contained the following spells:

 Spells                   Type           Power      Damage    Failure   Level
 Slow                     Hex            0%         N/A       69%         1
 Cigotuvi's Dreadful Rot  Necr/Pois/Air  0%         N/A       83%         2
 Confusing Touch          Hex            0%         N/A       96%         3
 Ignite Poison            Fire/Tmut/Pois 0%         N/A       96%         3
 Vampiric Draining        Necr           0%         2d6       96%         3
 Freezing Cloud           Conj/Ice/Air   0%         6-21      100%        5


Dungeon Overview and Level Annotations

Branches:
Dungeon (5/15)             Temple (1/1) D:4

Altars:
Dithmenos
Elyvilon
Gozag
Hepliaklqana
Makhleb
Ru
Sif Muna
Trog
Vehumet
Yredelemnul
Zin
The Shining One

Shops:
D:2 *

Annotations:
D:5 Pikel


Innate Abilities, Weirdness & Mutations

You are too large for most types of armour.
You have claws for hands.
Your natural rate of healing is unusually fast.
You are covered in fur. (AC +1)
You have tough skin. (AC +1)


Message History

The lemure hits you. You block the lemure's attack.
You closely miss the lemure.
The lemure is severely wounded.
The lemure closely misses you. The lemure hits you but does no damage.
You barely miss the lemure.
The lemure is severely wounded.
The lemure hits you. You block the lemure's attack.
You claw the lemure!
You kill the lemure!
That felt strangely unrewarding.
The lemure hits you.
You scratch Pikel but do no damage. You block the lemure's attack.
You block Pikel's attack.
You closely miss Pikel. You block the lemure's attack.
Pikel hits you but does no damage.
You are electrocuted!
You barely miss Pikel. The lemure hits you but does no damage.
Pikel hits you with a +0 whip of electrocution.
You are electrocuted!!
* * * LOW HITPOINT WARNING * * *
You are too injured to fight recklessly!
You are too injured to fight recklessly!
You are too injured to fight recklessly!
You scratch Pikel but do no damage. The lemure barely misses you.
Pikel waves his whip at you.
Pikel hits you with a +0 whip of electrocution.
* * * LOW HITPOINT WARNING * * *
You closely miss Pikel. The lemure hits you.
* * * LOW HITPOINT WARNING * * *
Pikel closely misses you.
You scratch Pikel.
Pikel is lightly wounded.
The lemure hits you.
* * * LOW HITPOINT WARNING * * *
You block Pikel's attack.
You claw Pikel!
Pikel is moderately wounded.
The lemure hits you but does no damage.
Pikel hits you with a +0 whip of electrocution!
* * * LOW HITPOINT WARNING * * *
You are electrocuted!
You die...

.. ... ....
#######....
#5K@.......
#.##5.#.###
#.<#......#
#.....#.#.#
#5..#.....#
#.5....##.#
.5.#........
.....[.......
....>###........


You could see Pikel and 2 lemures.

Vanquished Creatures
  Grinder (D:3)
  An ogre (D:4)
  2 lemures (D:5)
  2 hounds (D:4)
  An orc priest (D:3)
  A jelly (D:4)
  An iguana (D:4)
  Robin (D:2)
  6 adders
  2 dart slugs
  10 orcs
  2 bats
  5 endoplasms
  3 giant cockroaches
  16 goblins
  6 hobgoblins
  2 quokkas
  8 ball pythons
  6 frilled lizards
  6 kobolds
  9 rats
91 creatures vanquished.

Notes
Turn   | Place    | Note
-------+----------+-------------------------------------------
     0 | D:1      | Kranky the Troll Fighter began the quest for the Orb.
     0 | D:1      | Reached XP level 1. HP: 22/22 MP: 0/0
   167 | D:1      | Reached XP level 2. HP: 29/29 MP: 1/1
   732 | D:2      | Reached XP level 3. HP: 36/36 MP: 2/2
   898 | D:2      | Found Mir Wusch's General Store.
  1102 | D:2      | Noticed Robin
  1140 | D:2      | Reached XP level 4. HP: 37/44 MP: 3/3
  1150 | D:2      | Killed Robin
  1577 | D:3      | Found a hazy altar of Hepliaklqana.
  1791 | D:3      | Found a faded altar of an unknown god.
  1994 | D:3      | Reached XP level 5. HP: 53/53 MP: 4/4
  2032 | D:3      | Noticed Grinder
  2033 | D:3      | Paralysed by Grinder for 5 turns
  2052 | D:3      | Killed Grinder
  2053 | D:3      | Reached XP level 6. HP: 57/62 MP: 5/5
  2375 | D:4      | Found a staircase to the Ecumenical Temple.
  2397 | Temple   | Entered the Ecumenical Temple
  2638 | D:4      | Reached XP level 7. HP: 63/70 MP: 6/6
  2793 | D:4      | Noticed a wyvern
  2793 | D:4      | Noticed a steam dragon
  3006 | D:5      | Entered Level 5 of the Dungeon
  3010 | D:5      | Noticed Pikel
  3039 | D:5      | HP: 2/71 [Pikel/+0 whip of electrocution (11)]
  3039 | D:5      | Mangled by Pikel

Illustrated notes

Levels and vault maps discovered:
D:1:      lemuel_arrival_behind_the_door_small, layout_basic,
          amcnicky_mini_pool_small, minmay_misc_feat_alley
D:2:      layout_loops_corners, serial_shops, nicolae_shop_behind_doors,
          minmay_misc_feat_cross, hex_large, uniq_robin
D:3:      layout_basic, lemuel_doored_altar,
          shapermc_ecumenical_altar_notcrosses, uniq_grinder
D:4:      layout_rooms, minmay_temple_entry_stoned_glass, lightli_corner_chamber
D:5:      layout_basic, chequers_temple_overflow_statue_of_worship,
          kennysheep_mini_moat, kennysheep_big_empty_room, uniq_pikel
Temple:   grunt_temple_mini_profane

Skill      XL: |  1  2  3  4  5  6 |
---------------+-------------------+-----
Shields        | 3 4 |  4.7
Fighting       | 3 4 |  4.3
Unarmed Combat | 3 4 |  4.7
Dodging        | |  2.7

Action                     |  1- 3 |  4- 6 |  7- 9 || total
---------------------------+-------+-------+-------++-------
  Melee: Unarmed           |    98 |   113 |    61 ||   272
   Stab: Sleeping          |     1 |       |       ||     1
 Armour: Robe              |    41 |    20 |    15 ||    76
  Dodge: Dodged            |    23 |    36 |    25 ||    84
  Block: Kite shield       |    35 |    38 |    31 ||   104
